 Dungeon Crawl Stone Soup version 0.20.0-3-g22ec75f (webtiles) character file.

159217 Kosschaser the Peltast (level 17, -3/105 HPs)
             Began as a Gargoyle Fighter on May 26, 2017.
             Was the Champion of Okawaru.
             Slain by an anaconda (10 damage)
             ... on level 4 of the Snake Pit on May 27, 2017.
             The game lasted 02:15:13 (22286 turns).

Kosschaser the Peltast (Gargoyle Fighter)          Turns: 22286, Time: 02:15:15

Health: -3/105     AC: 38    Str: 35    XL:     17   Next: 73%
Magic:  12/18      EV: 16    Int: 20    God:    Okawaru [******]
Gold:   1597       SH: 28    Dex: 15    Spells: 12/16 levels left

rFire    . . .     SeeInvis .   Z - +11 flail of Noxedulu {protect, MR- Int+9}
rCold    . . .     Gourm    .   C - +0 large shield
rNeg     + + .     Faith    .   U - +0 scale mail of Kikubaaqudgha's Envy {Dex+4}
rPois    ∞         Spirit   .   P - +2 hat {MR+}
rElec    +         Reflect  .   s - +0 cloak
rCorr    .         Harm     .   H - +0 pair of gloves
MR       +....                  y - +1 pair of boots {Stlth+}
Stlth    +.........             B - amulet of Vitality {Regen+ HP+15}
Regen    0.7/turn               w - ring of positive energy
MPRegen  0.2/turn               S - ring "Qoarebow" {+Inv rPois Str+10 Stlth-}

@: heroism, finesse, protection aura, flying, constricted
A: big wings, horns 1, agile 1, frail 2, negative energy resistance 1,
electricity resistance, unbreathing, petrification resistance, no potion heal 1,
rot immunity, MP-powered wands, AC +12
a: Stop Flying, Heroism, Finesse, Renounce Religion, Evoke Invisibility


You were on level 4 of the Snake Pit.
You worshipped Okawaru.
Okawaru was exalted by your worship.
You were very hungry.

You visited 5 branches of the dungeon, and saw 23 of its levels.
You visited the Abyss 1 time.
You also visited: Ossuary.

You collected 1765 gold pieces.
You spent 168 gold pieces at shops.

Inventory:

Hand Weapons
 A - a +3 whip of venom
 Z - the +11 flail of Noxedulu (weapon) {protect, MR- Int+9}
   (Okawaru gifted it to you on level 4 of the Lair of Beasts)

   It protects the one who uses it against injury (+AC on strike).
   It affects your intelligence (+9).
   It affects your resistance to hostile enchantments.
Armour
 s - a +0 cloak (worn)
 y - a +1 pair of boots of stealth (worn)
 C - a +0 large shield (worn)
 H - a +0 pair of gloves (worn)
 P - a +2 hat of magic resistance (worn)
 U - the +0 scale mail of Kikubaaqudgha's Envy (worn) {Dex+4}
   (You found it on level 4 of the Lair of Beasts)

   It affects your dexterity (+4).
Jewellery
 w - a ring of positive energy (left hand)
 B - the amulet of Vitality (around neck) {Regen+ HP+15}
   (You found it on level 5 of the Dungeon)

   [amulet of regeneration]

   It affects your health (+15).
   It increases your rate of regeneration.
 S - the ring "Qoarebow" (right hand) {+Inv rPois Str+10 Stlth-}
   (You found it on level 4 of the Lair of Beasts)

   [ring of poison resistance]

   It affects your strength (+10).
   It protects you from poison.
   It lets you turn invisible.
   It makes you less stealthy.
Wands
 G - a wand of clouds (4/9)
 L - a wand of lightning (7/15)
 M - a wand of disintegration (13/24)
 N - a wand of iceblast (6/15)
 Q - a wand of polymorph (11/24)
 X - a wand of polymorph (11/24)
 Y - a wand of clouds (6/9)
Scrolls
 a - 3 scrolls of fog
 b - 2 scrolls of recharging
 e - 11 scrolls of teleportation
 j - 3 scrolls of fear
 k - 3 scrolls of magic mapping
 n - 5 scrolls of amnesia
 t - 11 scrolls of remove curse
 u - 3 scrolls of immolation {unknown}
 x - 4 scrolls of noise {unknown}
 z - 4 scrolls of enchant armour
 E - 3 scrolls of summoning
 F - 3 scrolls of blinking {unknown}
 I - 2 scrolls of vulnerability {unknown}
 K - 2 scrolls of identify
Potions
 d - 6 potions of might
 i - 9 potions of curing
 l - 3 potions of heal wounds
 m - 6 potions of agility
 o - 7 potions of lignification {unknown}
 q - 6 potions of resistance
 r - 8 potions of mutation {unknown}
 v - 4 potions of haste {unknown}
 D - 2 potions of magic {unknown}
 R - a potion of ambrosia {unknown}
 W - 3 potions of flight {unknown}
Books
 J - a book of Debilitation

   Spells                             Type                      Level
   a - Corona                         Hexes                        1
   b - Slow                           Hexes                        2
   c - Inner Flame                    Hexes/Fire                   3
   d - Portal Projectile              Hexes/Translocation          3
   e - Cause Fear                     Hexes                        4
   f - Leda's Liquefaction            Hexes/Earth                  4
Miscellaneous
 O - a lightning rod (2/4)
Comestibles
 c - 18 fruits
 f - 16 bread rations
 g - 7 meat rations
 h - 26 royal jellies


   Skills:
 + Level 15.5(20.5) Fighting
 + Level 15.4(20.4) Maces & Flails
 + Level 11.0(16.0) Armour
 + Level 7.7(12.7) Dodging
 + Level 20.9(25.9) Shields
 * Level 2.1 Hexes
 + Level 2.4 Invocations
 - Level 1.4 Evocations


You had 12 spell levels left.
You knew the following spells:

 Your Spells              Type           Power        Failure   Level  Hunger
a - Cause Fear            Hex            #.........   75%         4    #####..


Dungeon Overview and Level Annotations

Branches:
Dungeon (8/15)             Temple (1/1) D:4            Lair (6/6) D:8
  Swamp (4/4) Lair:4        Snake (4/4) Lair:3        Slime (0/5) Lair:5

Altars:
Dithmenos
Elyvilon
Fedhas
Hepliaklqana
Kikubaaqudgha
Makhleb
Nemelex Xobeh
Okawaru
Qazlal
Ru
Sif Muna
Trog
Uskayaw
Vehumet
Xom
Yredelemnul
Zin
The Shining One

Shops:
D:4 }*((   Snake:1 (![!%

Annotations:
Lair:1 exclusion: 2 oklob plants
Swamp:4 Lernaean hydra


Innate Abilities, Weirdness & Mutations

You are resistant to torment.
Your stone body is resilient. (AC +12)
You are immune to poison.
Your large and strong wings let you fly indefinitely.
You resist negative energy. (rN+)
You are resistant to electric shocks. (rElec)
You can survive without breathing.
You are immune to petrification.
You are immune to rotting.
You have a pair of small horns on your head.
You are agile. (Dex +2)
You are very frail. (-20% HP)
Potions are less effective at restoring your health.
You expend magic power (3 MP) to strengthen your wands.


Message History

You block the anaconda's attack. The black mamba closely misses you.
You block the black mamba's attack.
The anaconda bites you but does no damage.
The anaconda constricts you. The anaconda barely misses you.
The guardian serpent misses you.
You bludgeon the guardian serpent!!
You kill the guardian serpent!
Okawaru accepts your kill. You block the black mamba's attack. x2
The anaconda bites you but does no damage.
The anaconda constricts you. The anaconda barely misses you.
The black mamba closely misses you.
You can now deal lightning-fast blows.
You block the black mamba's attack. You block the anaconda's attack.
The anaconda constricts you. The anaconda bites you!
* * * LOW HITPOINT WARNING * * *
The black mamba bites you but does no damage.
The guardian serpent gestures with its tail.
The naga blinks!
You block the black mamba's attack. The anaconda bites you!
You die...

#........#.......
[...#.<##...)......##
...#####............
....##..............
...#.........#.....
#..#.............##
###S§#..............
#.#SS#............#..
#.#S@#(.#)%.......# #
##.#NS#..#)##......#
###..#..#..#)##......#
#....#.....#)).....#.#
###.##.##....#†)##.....##
###...##..#....#.#####.#..#
##...########..##.#####.##.#
#####..### #...#####..##....##.#
.....<######..........##....##.#


You could see 2 anacondas, a guardian serpent, 2 black mambas and a naga.

Vanquished Creatures
  Vashnia (Snake:3)
  Jorgrun (Snake:3)
  A tentacled monstrosity (Abyss:3)
  Gastronok (Lair:2)
  The ghost of soberaf the Impaler, an adept HOFi of Beogh (Snake:3)
  2 thorn hunters (Swamp:4)
  2 nagarajas
  The ghost of Chiseanne the Severer, a journeyman MiBe of Trog (Snake:1)
  Aizul (Snake:3)
  Louise (Swamp:2)
  The ghost of donomii the Fighter, a journeyman DsBe of Trog (Lair:6)
  Josephine (Lair:4)
  2 slime creatures (Swamp:2)
  Harold (Lair:2)
  5 naga warriors
  17 hydras
  An ice dragon (Lair:4)
  A two-headed ogre (D:7)
  6 alligators
  5 death yaks (Lair:6)
  9 anacondas
  15 naga sharpshooters
  4 shock serpents
  A thrashing horror (Abyss:3)
  2 salamander mystics
  2 spriggan druids (Swamp:2)
  5 naga ritualists
  13 swamp dragons
  8 starcursed masses (Abyss:3)
  2 shambling mangroves
  A shadow dragon zombie (Abyss:3)
  10 mana vipers
  A wolf spider (Lair:6)
  7 salamanders
  11 elephants
  Joseph (D:7)
  A smoke demon (Abyss:3)
  38 black mambas
  6 naga magi
  An ice statue (Lair:4)
  A torpor snail (Lair:5)
  7 guardian serpents
  18 spiny frogs
  11 komodo dragons
  4 rime drakes
  A komodo dragon (shapeshifter) (Abyss:3)
  An ancient zyme (Abyss:3)
  A red devil (Abyss:3)
  7 tyrant leeches
  15 polar bears
  6 raiju
  5 hornets
  9 bog bodies
  Prince Ribbit (D:8)
  27 blink frogs
  24 dream sheep
  11 hippogriffs
  5 shadows
  The ghost of Angani the Skirmisher, an amateur VSFi of Uskayaw (D:5)
  A flying skull (Abyss:3)
  A wyvern (Lair:1)
  6 spriggans
  5 wraiths (Lair:4)
  16 yaks
  4 basilisks
  5 large abominations (Abyss:3)
  7 vampire mosquitoes
  A small abomination (Abyss:3)
  3 insubstantial wisps (Swamp:2)
  6 wargs (Lair:6)
  12 swamp worms
  33 nagas
  4 water moccasins
  8 porcupines
  11 black bears (Lair:6)
  A sky beast (D:8)
  11 hell hounds (Lair:6)
  2 orc warriors (D:8)
  8 ice beasts
  13 swamp drakes
  2 phantoms
  19 wolves (Lair:6)
  2 ogres (D:7)
  11 crocodiles
  12 bullfrogs
  6 scorpions (Ossuary)
  2 vampire bats (D:8)
  6 crimson imps
  A quasit (D:5)
  3 centaur zombies
  4 human zombies (Ossuary)
  5 orc priests
  2 bullfrog skeletons
  2 hounds
  A jelly (D:8)
  Crazy Yiuf (D:3)
  2 iguanas
  7 worker ants
  2 big kobold zombies (Ossuary)
  A hound skeleton (D:6)
  2 hound zombies
  3 mummies (Ossuary)
  9 gnolls
  10 adders
  A scorpion zombie (Ossuary)
  3 shadow imps (D:5)
  2 white imps (Lair:4)
  2 oozes
  2 worms
  2 dart slugs
  6 leopard geckos
  36 orcs
  6 bats
  5 bat skeletons (D:8)
  2 bat zombies (D:8)
  8 giant cockroaches
  5 gnoll zombies
  13 goblins
  11 hobgoblins
  6 jackals
  10 kobolds
  7 quokkas
  7 ball pythons
  5 frilled lizards
  2 goblin zombies (Ossuary)
  A hobgoblin zombie (Ossuary)
  5 kobold zombies (Ossuary)
  An orc zombie (Ossuary)
  A quokka skeleton (D:4)
  9 rats
  3 fungi
  A plant (Lair:4)
780 creatures vanquished.

Vanquished Creatures (others)
  A naga sharpshooter (Snake:4)
  A guardian serpent (Snake:4)
  2 black mambas (Snake:3)
  A polar bear (Lair:4)
  A scorpion (Ossuary)
  7 briar patches (Swamp:4)
  7 fungi
  19 plants
39 creatures vanquished.

Grand Total: 819 creatures vanquished

Notes
Turn   | Place    | Note
-------+----------+-------------------------------------------
     0 | D:1      | Kosschaser the Gargoyle Fighter began the quest for the Orb.
     0 | D:1      | Reached XP level 1. HP: 14/14 MP: 1/1
   171 | D:1      | Reached XP level 2. HP: 19/19 MP: 2/2
   588 | D:2      | Reached XP level 3. HP: 24/24 MP: 3/3
   840 | D:2      | Reached XP level 4. HP: 27/29 MP: 4/4
   956 | D:2      | Found a sparkling altar of Nemelex Xobeh.
  1084 | D:3      | Reached skill level 4 in Shields
  1333 | D:3      | Found a glowing golden altar of the Shining One.
  1384 | D:3      | Reached skill level 1 in Dodging
  1429 | D:3      | Reached XP level 5. HP: 14/33 MP: 5/5
  1680 | D:3      | Found a runed door.
  1684 | D:3      | Noticed Crazy Yiuf
  1691 | D:3      | Killed Crazy Yiuf
  1778 | D:3      | Found a stormy altar of Qazlal.
  1778 | D:3      | Found a shadowy altar of Dithmenos.
  1783 | D:3      | Found a blossoming altar of Fedhas.
  1783 | D:3      | Found a glowing silver altar of Zin.
  2008 | D:4      | Found Leisymur's Weapon Shop.
  2138 | D:4      | Reached XP level 6. HP: 23/39 MP: 6/6
  2326 | D:4      | Found Biabo's Antique Weapon Shop.
  2497 | D:4      | Found Rexut's Assorted Antiques.
  2589 | D:4      | Found a staircase to the Ecumenical Temple.
  2600 | Temple   | Entered the Ecumenical Temple
  2616 | Temple   | Became a worshipper of Warmaster Okawaru
  2885 | D:4      | Reached skill level 5 in Shields
  3252 | D:4      | Found a basalt altar of Yredelemnul.
  3514 | D:4      | Found Iruhosed's Gadget Shoppe.
  3615 | D:5      | Entered Level 5 of the Dungeon
  3745 | D:5      | Reached XP level 7. HP: 43/44 MP: 7/7
  3820 | D:5      | Reached skill level 5 in Maces & Flails
  3958 | D:5      | Noticed Angani's ghost (amateur VSFi)
  3984 | D:5      | Killed Angani's ghost
  3984 | D:5      | Reached * piety under Okawaru
  3984 | D:5      | Reached skill level 5 in Fighting
  4037 | D:5      | Reached XP level 8. HP: 49/49 MP: 8/8
  4550 | D:5      | Reached skill level 6 in Shields
  5026 | D:6      | Found a deep blue altar of Sif Muna.
  5326 | D:7      | Reached skill level 5 in Armour
  5422 | D:7      | Noticed Joseph
  5457 | D:7      | Killed Joseph
  5457 | D:7      | Reached ** piety under Okawaru
  5457 | D:7      | Reached skill level 7 in Shields
  5475 | D:7      | Found a bloodstained altar of Trog.
  5514 | D:7      | Noticed a hippogriff
  5516 | D:7      | Reached XP level 9. HP: 54/54 MP: 9/9
  5536 | D:7      | Reached skill level 8 in Shields
  5792 | D:7      | Noticed a two-headed ogre
  5800 | D:7      | Killed a two-headed ogre
  5800 | D:7      | Reached *** piety under Okawaru
  5910 | D:8      | Noticed Prince Ribbit
  5934 | D:8      | Killed Prince Ribbit
  5934 | D:8      | Reached skill level 9 in Shields
  6040 | D:8      | Reached XP level 10. HP: 60/60 MP: 10/10
  6045 | D:8      | Found a sand-covered staircase.
  6050 | Ossuary  | Entered an ossuary
  6307 | Ossuary  | Reached **** piety under Okawaru
  6533 | D:8      | Found a staircase to the Lair.
  6777 | D:8      | Reached skill level 10 in Shields
  7317 | D:8      | Found an ancient bone altar of Kikubaaqudgha.
  7400 | Lair:1   | Entered Level 1 of the Lair of Beasts
  7501 | Lair:1   | Noticed a spiny frog
  7521 | Lair:1   | Killed a spiny frog
  7542 | Lair:1   | Reached ***** piety under Okawaru
  7542 | Lair:1   | Reached skill level 10 in Maces & Flails
  7754 | Lair:1   | Noticed a spiny frog
  7768 | Lair:1   | Killed a spiny frog
  7768 | Lair:1   | Reached skill level 11 in Shields
  7768 | Lair:1   | Reached XP level 11. HP: 67/67 MP: 11/11
  7878 | Lair:1   | Noticed a six-headed hydra
  7900 | Lair:1   | Killed a six-headed hydra
  7938 | Lair:1   | Noticed an oklob plant
  7939 | Lair:1   | Noticed an oklob plant
  8264 | Lair:1   | Received a gift from Okawaru
  8439 | Lair:2   | Noticed a seven-headed hydra
  8462 | Lair:2   | Killed a seven-headed hydra
  8462 | Lair:2   | Reached skill level 12 in Shields
  8533 | Lair:2   | Noticed Harold
  8551 | Lair:2   | Killed Harold
  8595 | Lair:2   | Noticed Gastronok
  8617 | Lair:2   | Killed Gastronok
  8617 | Lair:2   | Reached ****** piety under Okawaru
  8617 | Lair:2   | Reached XP level 12. HP: 72/73 MP: 12/12
  9145 | Lair:2   | Received a gift from Okawaru
  9373 | Lair:3   | Received a gift from Okawaru
  9373 | Lair:3   | Reached skill level 13 in Shields
  9546 | Lair:3   | Noticed a five-headed hydra
  9560 | Lair:3   | Killed a five-headed hydra
  9778 | Lair:3   | Found a staircase to the Snake Pit.
 10125 | Lair:3   | Noticed a six-headed hydra
 10145 | Lair:3   | Killed a six-headed hydra
 10519 | Lair:4   | Received a gift from Okawaru
 10581 | Lair:4   | Noticed a seven-headed hydra
 10594 | Lair:4   | Killed a seven-headed hydra
 10594 | Lair:4   | Reached skill level 14 in Shields
 10594 | Lair:4   | Reached XP level 13. HP: 58/80 MP: 13/13
 10596 | Lair:4   | Found a staircase to the Swamp.
 10801 | Lair:4   | Noticed Josephine
 10833 | Lair:4   | Killed Josephine
 10833 | Lair:4   | Received a gift from Okawaru
 10856 | Lair:4   | Reached skill level 10 in Fighting
 11009 | Lair:4   | Got a distressingly furry scale mail
 11020 | Lair:4   | Identified the cursed +0 scale mail of Kikubaaqudgha's Envy {Dex+4} (You found it on level 4 of the Lair of Beasts)
 11083 | Lair:4   | Noticed an ice dragon
 11134 | Lair:4   | Killed an ice dragon
 11913 | Lair:5   | Reached skill level 15 in Shields
 11965 | Lair:4   | Received a gift from Okawaru
 12389 | Lair:5   | Found a staircase to the Slime Pits.
 12735 | Lair:6   | Entered Level 6 of the Lair of Beasts
 12993 | Lair:6   | Gained mutation: Your large and strong wings let you fly indefinitely. [Gargoyle growth]
 12993 | Lair:6   | Reached XP level 14. HP: 90/90 MP: 14/14
 13128 | Lair:4   | Got a faintly glowing bronze ring
 13133 | Lair:4   | Identified the ring "Qoarebow" {+Inv rPois Str+10 Stlth-} (You found it on level 4 of the Lair of Beasts)
 13440 | Lair:6   | Received a gift from Okawaru
 13450 | Lair:6   | Reached skill level 1 in Evocations
 13456 | Lair:6   | Got a slimy scale mail {god gift}
 13471 | Lair:6   | Identified the +2 scale mail of Gydabof {Int+3} (Okawaru gifted it to you on level 6 of the Lair of Beasts)
 13891 | Lair:6   | Reached skill level 16 in Shields
 14189 | Lair:6   | Reached skill level 5 in Dodging
 14276 | Lair:6   | Noticed donomii's ghost (journeyman DsBe)
 14306 | Lair:6   | Killed donomii's ghost
 14603 | Snake:1  | Entered Level 1 of the Snake Pit
 14605 | Snake:1  | Found Qiej's Distillery.
 14629 | Snake:1  | Noticed Chiseanne's ghost (journeyman MiBe)
 14808 | Lair:4   | Received a gift from Okawaru
 14808 | Lair:4   | Reached skill level 1 in Invocations
 14811 | Lair:4   | Got a transparent flail {god gift}
 14812 | Lair:4   | Identified the +11 flail of Noxedulu {protect, MR- Int+9} (Okawaru gifted it to you on level 4 of the Lair of Beasts)
 14818 | Swamp:1  | Entered Level 1 of the Swamp
 15639 | Swamp:2  | Reached skill level 17 in Shields
 15639 | Swamp:2  | Reached XP level 15. HP: 97/97 MP: 15/15
 15784 | Swamp:2  | Reached skill level 10 in Armour
 15810 | Swamp:2  | Noticed Louise
 15823 | Swamp:2  | Cast into level 3 of the Abyss (Louise)
 15843 | Abyss:3  | Received a gift from Okawaru
 15947 | Abyss:3  | Noticed an Executioner
 16024 | Abyss:3  | Noticed a tentacled monstrosity
 16051 | Abyss:3  | Killed a tentacled monstrosity
 16206 | Abyss:3  | Paralysed by accursed screaming for 1 turns
 16239 | Swamp:2  | Escaped the Abyss
 16748 | Swamp:2  | Killed Louise
 16931 | Swamp:2  | Reached skill level 18 in Shields
 17095 | Swamp:3  | Received a gift from Okawaru
 17759 | Swamp:3  | Found a runed door.
 17759 | Swamp:3  | Noticed a tentacled monstrosity
 17794 | Swamp:3  | Identified the Incunabulum of Stones and Cold
 17855 | Swamp:4  | Entered Level 4 of the Swamp
 18115 | Swamp:4  | Noticed a thorn hunter
 18131 | Swamp:4  | Killed a thorn hunter
 18348 | Swamp:4  | Reached XP level 16. HP: 106/106 MP: 17/17
 18359 | Swamp:4  | Noticed a thorn hunter
 18583 | Swamp:4  | Killed a thorn hunter
 18608 | Swamp:4  | Received a gift from Okawaru
 18727 | Swamp:4  | Noticed the 27-headed Lernaean hydra
 18745 | Swamp:4  | HP: 5/122 [the 27-headed Lernaean hydra (4)]
 18785 | Swamp:4  | HP: 5/122 [the 27-headed Lernaean hydra (2)]
 19044 | Snake:1  | Bought a potion of degeneration for 13 gold pieces
 19044 | Snake:1  | Bought a potion of heal wounds for 65 gold pieces
 19104 | Snake:1  | Found Fecolit's Distillery.
 19110 | Snake:1  | Bought a potion of heal wounds for 90 gold pieces
 19133 | Snake:1  | Found Mazapred's Antique Armour Boutique.
 19140 | Snake:1  | Found Wymia's Food Emporium.
 19211 | Snake:1  | Found Igicurev's Antique Weapon Emporium.
 19276 | Snake:1  | Killed Chiseanne's ghost
 19285 | Snake:1  | Found a shimmering altar of Xom.
 19543 | Snake:1  | Reached skill level 19 in Shields
 19771 | Snake:2  | Reached skill level 15 in Maces & Flails
 19781 | Snake:2  | Received a gift from Okawaru
 20318 | Snake:2  | Noticed a nagaraja
 20331 | Snake:2  | Killed a nagaraja
 20331 | Snake:2  | Reached skill level 15 in Fighting
 20398 | Snake:2  | Gained mutation: You are frail. (-10% HP) [mutagenic meat]
 20399 | Snake:2  | Gained mutation: Your muscles are strong. (Str +2) [mutagenic meat]
 20400 | Snake:2  | Gained mutation: You expend magic power (3 MP) to strengthen your wands. [mutagenic meat]
 20401 | Snake:2  | Gained mutation: Potions are less effective at restoring your health. [mutagenic meat]
 20402 | Snake:2  | Gained mutation: Scrolls take you a little longer to read. [mutagenic meat]
 20403 | Snake:2  | Gained mutation: You are very frail. (-20% HP) [mutagenic meat]
 20560 | Snake:2  | Received a gift from Okawaru
 20633 | Snake:3  | Noticed soberaf's ghost (adept HOFi)
 20674 | Snake:3  | Killed soberaf's ghost
 20707 | Snake:3  | Noticed Vashnia
 20748 | Snake:3  | Killed Vashnia
 20748 | Snake:3  | Reached skill level 20 in Shields
 20748 | Snake:3  | Reached XP level 17. HP: 22/90 MP: 16/18
 20749 | Snake:3  | Noticed Jorgrun
 20788 | Snake:2  | Learned a level 4 spell: Cause Fear
 20899 | Snake:3  | Killed Jorgrun
 21087 | Snake:3  | Noticed Aizul
 21117 | Snake:3  | Killed Aizul
 21117 | Snake:3  | Received a gift from Okawaru
 21397 | Snake:4  | Entered Level 4 of the Snake Pit
 21740 | Snake:4  | Reached skill level 1 in Hexes
 21989 | Snake:4  | Received a gift from Okawaru
 22029 | Snake:4  | Lost mutation: Your muscles are strong. (Str +2) [mutagenic meat]
 22031 | Snake:4  | Gained mutation: You are agile. (Dex +2) [mutagenic meat]
 22032 | Snake:4  | Gained mutation: You have a pair of small horns on your head. [mutagenic meat]
 22033 | Snake:4  | Lost mutation: Scrolls take you a little longer to read. [mutagenic meat]
 22286 | Snake:4  | Slain by an anaconda

Skill      XL: |  1  2  3  4  5  6  7  8  9 10 11 12 13 14 15 16 17 |
---------------+----------------------------------------------------+-----
Shields        | 4 5 7 9 11 12 14 15 17 18 20 | 20.9
Dodging        | 1 2 3 4 5 6 7 |  7.7
Fighting       | 4 5 6 7 8 9 11 12 14 15 | 15.5
Maces & Flails | 3 4 5 6 8 10 11 12 13 14 15 | 15.4
Armour         | 4 5 6 7 8 9 10 11 | 11.0
Evocations     | 1 |  1.4
Invocations    | 1 2 |  2.4
Hexes          | 2 |  2.1

Action                   |  1- 3 |  4- 6 |  7- 9 | 10-12 | 13-15 | 16-18 || total
-------------------------+-------+-------+-------+-------+-------+-------++-------
Melee: Flail             |   117 |   340 |   186 |   887 |  1856 |   958 ||  4344
       Whip              |       |       |   169 |   120 |    66 |       ||   355
       Great mace        |       |       |       |       |    25 |       ||    25
       Headbutt          |       |       |       |       |       |    36 ||    36
Invok: Heroism           |       |       |       |     2 |    12 |    14 ||    28
       Finesse           |       |       |       |       |     2 |     3 ||     5
 Abil: Fly               |       |       |       |       |     2 |       ||     2
       Stop Flying       |       |       |       |       |     2 |       ||     2
       Evoke Invisibilit |       |       |       |       |     1 |       ||     1
Evoke: Wand              |       |       |       |       |     5 |     1 ||     6
       Lightning rod     |       |       |       |       |       |     6 ||     6
  Use: Potion            |       |     1 |       |       |     1 |     2 ||     4
       Scroll            |       |     5 |     4 |     7 |     5 |     2 ||    23
 Stab: Distracted        |       |       |       |     1 |       |       ||     1
       Invisible         |       |       |       |       |     3 |       ||     3
  Eat: Chunk             |       |     8 |     5 |    14 |    25 |    18 ||    70
       Meat ration       |       |       |     1 |       |       |     1 ||     2
       Royal jelly       |       |       |       |     1 |     2 |     1 ||     4
Armor: Scale mail        |    61 |   201 |       |       |   685 |   467 ||  1414
       Plate armour      |       |    21 |   223 |   629 |    40 |       ||   913
Dodge: Dodged            |    37 |   148 |    38 |   156 |   479 |   411 ||  1269
Block: Shield            |    69 |   242 |    20 |       |       |       ||   331
       Large shield      |       |       |   269 |  1057 |  1970 |  1434 ||  4730
